AoeStats
← OM | Kerry Copyto

African Clearing

506790963Analyzed
4v4 RM · 17d ago on Sep 15, 2026· 59m 26s· 8 players
Game mode
Random Map
Map size
Large (8 player)
Population
200
Speed
Normal
Resources
Standard
Victory
Conquest
Starting age
Dark Age
Ending age
Imperial Age
RankedLock teamsTeams togetherTeam positionsShared explorationLock speedFull tech treeHidden civsTurbo modeCheats
Victory
Defeat
🇦🇷 Malians · Argentina
1484
+11
🇦🇷 Celts · Argentina
1461
+12
🇳🇴 Turks · Norway
1444
+13
🇺🇸 Georgians · United States
1405
+14
🇺🇸 Mongols · United States
1416
-14
🇲🇽 Vietnamese · Mexico
1374
-13
🇻🇳 Huns · Vietnam
1354
-12
🇲🇽 Mapuche · Mexico
1342
-11
"Real Friendly" new player
6:06 Loom
13:37 Feudal Age
20:43 Castle Age
29:12 Horse Collar
31:19 Double-Bit Axe
33:00 Wheelbarrow
33:35 Bow Saw
34:41 Heavy Plow
34:53 Stone Mining
36:56 Stone Shaft Mining
36:13 Gold Mining
37:20 Town Watch
37:54 Hand Cart
40:22 Gold Shaft Mining
44:42 Imperial Age
42:06 Fletching
42:16 Padded Archer Armor
43:17 Bodkin Arrow
44:00 Leather Archer Armor
44:06 Ballistics
45:22 Nomads
46:07 Conscription
45:15 Elite Mangudai
45:57 Bracer
46:26 Parthian Tactics
46:11 Thumb Ring
47:07 Chemistry
47:40 Parthian Tactics
47:24 Husbandry
47:34 Bloodlines
49:08 Nomads
50:52 Scale Barding Armor
50:57 Forging
50:09 Light Cavalry
50:55 Hussar
52:13 Chain Barding Armor
52:59 Iron Casting
OM | Massiosare
6:12 Loom
13:45 Feudal Age
20:28 Castle Age
19:14 Fletching
19:26 Padded Archer Armor
25:12 Bodkin Arrow
25:33 Leather Archer Armor
50:54 Arson
51:14 Elite Skirmisher
OM | Kerry Copyto
4:36 Loom
12:57 Feudal Age
13:57 Double-Bit Axe
15:28 Padded Archer Armor
17:13 Fletching
26:39 Castle Age
26:45 Crossbowman
27:21 Bodkin Arrow
27:42 Leather Archer Armor
27:35 Horse Collar
29:05 Ballistics
34:09 Bow Saw
35:50 Thumb Ring
38:01 Heavy Plow
43:15 Imperial Age
41:24 Murder Holes
42:33 Wheelbarrow
41:49 Town Watch
44:06 Bracer
45:10 Chemistry
44:57 Paper Money
46:17 Ring Archer Armor
49:58 Two-Man Saw
49:30 Crop Rotation
49:22 Paper Money
49:34 Hand Cart
49:19 Town Patrol
50:42 Elite Rattan Archer
52:59 Pikeman
53:39 Squires
53:25 Arson
53:47 Scale Barding Armor
53:44 Scale Mail Armor
53:55 Forging
55:03 Chain Mail Armor
56:19 Iron Casting
59:23 Plate Mail Armor
Giong
4:36 Loom
13:39 Feudal Age
17:43 Castle Age
15:43 Double-Bit Axe
16:48 Horse Collar
19:30 Bow Saw
20:16 Heavy Plow
27:54 Stone Mining
30:19 Wheelbarrow
29:52 Scale Barding Armor
29:58 Forging
30:09 Husbandry
32:04 Chain Barding Armor
32:18 Bloodlines
36:45 Imperial Age
35:08 Wheelbarrow
35:32 Iron Casting
35:00 Marauders
37:02 Elite Tarkan
38:03 Conscription
38:44 Blast Furnace
38:24 Plate Barding Armor
40:10 Two-Man Saw
43:51 Light Cavalry
44:25 Hussar
DC-Jota
6:09 Loom
12:50 Feudal Age
13:33 Double-Bit Axe
15:31 Town Watch
21:19 Castle Age
20:44 Forging
21:32 Scale Barding Armor
22:21 Bow Saw
22:02 Gold Mining
22:03 Stone Mining
23:55 Horse Collar
32:31 Wheelbarrow
32:04 Fletching
34:31 Chain Barding Armor
34:47 Iron Casting
35:00 Svan Towers
35:51 Bloodlines
35:42 Husbandry
36:45 Iron Casting
37:53 Hand Cart
38:15 Bodkin Arrow
38:20 Padded Archer Armor
39:01 Fishing Lines
39:57 Leather Archer Armor
40:35 Stone Shaft Mining
43:16 Imperial Age
40:10 Elite Skirmisher
42:47 Town Patrol
44:28 Conscription
43:29 Elite Monaspa
44:53 Plate Barding Armor
44:19 Bracer
45:20 Blast Furnace
47:13 Chemistry
45:54 Treadmill Crane
46:38 Ballistics
46:37 Aznauri Cavalry
47:08 Hoardings
47:39 Masonry
48:52 Heavy Plow
52:50 Architecture
52:00 Treadmill Crane
54:22 Guard Tower
54:38 Siege Engineers
54:23 Cavalier
56:35 Keep
55:57 Murder Holes
55:49 Arrowslits
56:47 Sappers
PNAL | ale_petro
9:54 Loom
12:38 Feudal Age
13:19 Double-Bit Axe
20:50 Castle Age
19:02 Fletching
22:20 Bloodlines
22:11 Husbandry
23:05 Forging
26:58 Horse Collar
29:05 Fishing Lines
30:13 Wheelbarrow
32:33 Hand Cart
34:02 Bow Saw
36:47 Imperial Age
35:21 Scale Barding Armor
35:41 Heavy Plow
36:40 Iron Casting
35:44 Light Cavalry
36:23 Gillnets
38:03 Chain Barding Armor
38:59 Farimba
40:11 Conscription
40:36 Plate Barding Armor
39:50 Heavy Camel Rider
46:17 Crop Rotation
49:28 Cavalier
PNAL | Machete
9:37 Loom
12:03 Feudal Age
12:55 Double-Bit Axe
17:39 Horse Collar
18:55 Scale Barding Armor
19:21 Forging
23:23 Castle Age
25:06 Bow Saw
24:59 Heavy Plow
29:33 Wheelbarrow
29:05 Town Watch
32:00 Hand Cart
38:22 Imperial Age
35:56 Husbandry
36:06 Bloodlines
36:10 Town Patrol
36:58 Sipahi
38:17 Chain Barding Armor
38:41 Heavy Camel Rider
40:10 Plate Barding Armor
40:13 Conscription
41:08 Two-Man Saw
40:52 Iron Casting
44:53 Gold Mining
44:54 Stone Mining
46:24 Blast Furnace
45:58 Coinage
47:26 Banking
46:57 Fletching
48:07 Hoardings
50:00 Gold Shaft Mining
50:55 Bodkin Arrow
51:07 Cavalier
51:51 Bracer
52:30 Padded Archer Armor
54:28 Murder Holes
54:44 Masonry
54:56 Ballistics
PNAL | chumbito
11:25 Loom
13:37 Feudal Age
18:57 Castle Age
24:23 Double-Bit Axe
29:52 Horse Collar
30:42 Town Watch
31:01 Gold Mining
31:07 Stone Mining
33:01 Wheelbarrow
35:29 Fletching
36:18 Bodkin Arrow
50:43 Bow Saw
51:35 Wheelbarrow
55:41 Imperial Age
53:56 Hand Cart
56:08 Padded Archer Armor
56:59 Town Patrol
57:44 Ballistics
58:30 Chemistry
57:17 Heavy Scorpion
58:18 Leather Archer Armor
Connection lost

Rejoining the realm…

Still unreachable

The connection could not be restored.

Session expired

The server has moved on; the page needs a fresh start.